 Dungeon Crawl Stone Soup version 0.21-a0-404-g291f19a (webtiles) character file.

186 Inus the Digger (level 5, -2/28 HPs)
             Began as a Gargoyle Earth Elementalist on Oct 29, 2017.
             Killed from afar by an orc wizard (7 damage)
             ... with a magic dart
             ... on level 3 of the Dungeon.
             The game lasted 00:10:38 (2541 turns).

Inus the Digger (Gargoyle Earth Elementalist)       Turns: 2541, Time: 00:10:38

Health: -2/28      AC:  8    Str: 12      XL:     5   Next: 66%
Magic:  0/10       EV: 12    Int: 16      God:
Gold:   129        SH:  0    Dex:  8 (10) Spells: 5/11 levels left

rFire    . . .     SeeInvis .   n - +3 spear
rCold    . . .     Gourm    .   (no shield)
rNeg     + . .     Faith    .   c - +0 robe
rPois    ∞         Spirit   .   o - +0 helmet
rElec    +         Reflect  .   f - +0 cloak
rCorr    .         Harm     .   (no gloves)
MR       .....     Clarity  +   (no boots)
Stlth    ++........             (no amulet)
HPRegen  0.49/turn              (no ring)
MPRegen  0.12/turn              (no ring)

@: no status effects
A: blurry vision 1, clarity, negative energy resistance 1, regeneration 1,
electricity resistance, unbreathing, petrification resistance, rot immunity, AC
+4
a: no special abilities


You were on level 3 of the Dungeon.
You were hungry.

You visited 1 branch of the dungeon, and saw 3 of its levels.

You collected 129 gold pieces.

Inventory:

Hand Weapons
 n - a +3 spear (weapon)
Missiles
 b - 65 stones (quivered)
 g - 6 javelins
 k - 28 arrows
Armour
 c - a +0 robe (worn)
 f - a +0 cloak (worn)
 l - a +0 buckler
 o - a +0 helmet (worn)
Jewellery
 s - an uncursed ring of protection from magic {unknown}
Wands
 i - a wand of digging (13/24)
Scrolls
 h - 3 scrolls of identify
Potions
 m - a potion of brilliance
 r - a potion of resistance
Books
 e - a book of Geomancy

   Spells                             Type                      Level
   a - Sandblast                      Earth                        1
   b - Passwall                       Transmutation/Earth          2
   c - Stone Arrow                    Conjuration/Earth            3
   d - Petrify                        Transmutation/Earth          4
   e - Lee's Rapid Deconstruction     Earth                        5
Comestibles
 a - 2 fruits
 d - 5 bread rations
 j - 5 meat rations
 q - 5 chunks of flesh


   Skills:
 - Level 1.5 Dodging
 - Level 2.1 Stealth
 + Level 3.9 Spellcasting
 - Level 0.7 Transmutations
 + Level 5.8 Earth Magic


You had 5 spell levels left.
You knew the following spells:

 Your Spells              Type           Power        Failure   Level  Hunger
a - Sandblast             Erth           ###...       1%          1    None
b - Stone Arrow           Conj/Erth      ##....       16%         3    ###....
c - Passwall              Tmut/Erth      ##........   7%          2    ##.....


Dungeon Overview and Level Annotations

Branches:
Dungeon (3/15)

Altars:
Dithmenos
The Shining One


Innate Abilities, Weirdness & Mutations

You are resistant to torment.
Your stone body is resilient. (AC +4)
You are immune to poison.
You resist negative energy. (rN+)
You are resistant to electric shocks. (rElec)
You can survive without breathing.
You are immune to petrification.
You are immune to rotting.
Scrolls take you a little longer to read.
You possess an exceptional clarity of mind.
Your natural rate of healing is unusually fast.


Message History

Pain shoots through your body!
* * * LOW HITPOINT WARNING * * *
You hit the orc priest but do no damage.
The orc priest is severely wounded.
The orc priest misses you.
Your magical contamination has completely faded away.
Casting: Sandblast
Confirm with . or Enter, or press ? or * to list all spells.
Aiming: Sandblast
Press: ? - help, Shift-Dir - straight line, f/p - orc priest
Aim: an orc priest, wielding a whip and wearing a chain mail (severely wounded)
The blast of sand hits the orc priest.
You kill the orc priest!
You feel your intelligence returning.
b - 65 stones The hobgoblin throws a stone.
The stone hits you but does no damage.
You see here a stone.
A magic dart appears from out of thin air!
The magic dart hits you!
You die...

#############.
#go.(.@.......
#.###########.
#.##....# #..(.##
####oo.# #......#
#######.####o#
...#...#.>..#
##.###.#.###.##..


You could see an orc and a hobgoblin.

Vanquished Creatures
  An orc priest (D:3)
  Crazy Yiuf (D:2)
  Ijyb (D:2)
  4 adders
  2 worms
  A dart slug (D:1)
  2 ball pythons (D:1)
  16 goblins
  7 hobgoblins
  2 jackals (D:1)
  5 kobolds
  6 bats (D:2)
  5 frilled lizards
  6 rats
59 creatures vanquished.

Notes
Turn   | Place    | Note
-------+----------+-------------------------------------------
     0 | D:1      | Inus the Gargoyle Earth Elementalist began the quest for the Orb.
     0 | D:1      | Reached XP level 1. HP: 10/10 MP: 3/3
   133 | D:1      | Reached skill level 4 in Earth Magic
   133 | D:1      | Reached XP level 2. HP: 4/15 MP: 0/5
  1052 | D:2      | Reached XP level 3. HP: 19/19 MP: 4/6
  1184 | D:2      | Learned a level 3 spell: Stone Arrow
  1296 | D:2      | Found a glowing golden altar of the Shining One.
  1362 | D:2      | Noticed Ijyb
  1428 | D:2      | Killed Ijyb
  1428 | D:2      | Reached skill level 5 in Earth Magic
  1428 | D:2      | Reached XP level 4. HP: 14/24 MP: 0/8
  1501 | D:2      | Found a shadowy altar of Dithmenos.
  1904 | D:2      | Found a runed door.
  2159 | D:2      | Learned a level 2 spell: Passwall
  2163 | D:2      | Noticed Crazy Yiuf
  2166 | D:2      | Killed Crazy Yiuf
  2166 | D:2      | Reached XP level 5. HP: 28/28 MP: 0/10
  2522 | D:3      | Gained mutation: You possess an exceptional clarity of mind. [potion of mutation]
  2522 | D:3      | Gained mutation: Scrolls take you a little longer to read. [potion of mutation]
  2522 | D:3      | Gained mutation: Your natural rate of healing is unusually fast. [potion of mutation]
  2541 | D:3      | Killed from afar by an orc wizard

Vault maps used:
D:1:      lemuel_arrival_broad_hall, minmay_tromino_v4_b
D:2:      kennysheep_the_goblin_king, nicolae_dithmenos_shadow_blocks,
          tso_metal_star, first_bread, bh_walls_and_bars,
          uniq_crazy_yiuf_cottage

Skill      XL: |  1  2  3 |
---------------+----------+-----
Earth Magic    | 4 5 |  5.8
Spellcasting   | 3 |  3.9
Dodging        | |  1.5
Stealth        | |  2.1
Transmutations | |  0.7

Action                   |  1- 3 |  4- 6 || total
-------------------------+-------+-------++-------
Melee: Unarmed           |    29 |       ||    29
       Club              |    12 |       ||    12
       Spear             |    68 |    53 ||   121
Throw: Stone             |     4 |       ||     4
 Cast: Sandblast         |    36 |    13 ||    49
       Stone Arrow       |     1 |    10 ||    11
  Use: Potion            |     4 |     4 ||     8
       Scroll            |       |     7 ||     7
 Stab: Sleeping          |     2 |       ||     2
  Eat: Chunk             |     2 |     4 ||     6
Armor: Robe              |    33 |    19 ||    52
Dodge: Dodged            |    65 |    41 ||   106

Table legend:
 A = Spawn XP
 B = Non-spawn XP
 C = Spawn XP percentage of total XP
 D = Spawn monster count
 E = Non-spawn monster count
 F = Spawn count percentage of total count
 G = Total turns spent on level
                    A         B        C        D         E        F      G
               +---------+---------+-------+---------+---------+-------+---------
         Total |       0 |     267 |   0.0 |       0 |      59 |   0.0 |  2541
               +---------+---------+-------+---------+---------+-------+---------
           D:1 |       0 |      32 |   0.0 |       0 |      18 |   0.0 |  1021
           D:2 |       0 |     150 |   0.0 |       0 |      31 |   0.0 |  1237
           D:3 |       0 |      85 |   0.0 |       0 |      10 |   0.0 |   283
               +---------+---------+-------+---------+---------+-------+---------
